 Dungeon Crawl Stone Soup version 0.30-a0-613-gdd512c7efb (webtiles) character file.

Game seed: 8670471722431502565

23860 wormed the Summoner (level 12, -1/57 HPs)
             Began as a Felid Summoner on Jan 8, 2023.
             Was an Initiate of Gozag.
             Slain by a black mamba (2 damage)
             ... on level 1 of the Snake Pit.
             The game lasted 01:19:07 (34033 turns).

wormed the Summoner (Felid Summoner)               Turns: 34033, Time: 01:19:08

Health: -1/57      AC:  3    Str:  4    XL:     12   Next: 75%
Magic:  6/29       EV: 31    Int: 21    God:    Gozag
Gold:   1617       SH:  0    Dex: 17    Spells: 3/31 levels left
                                        Lives:  0   Deaths: 3

rFire   . . .      SeeInvis +    (weapon unavailable)
rCold   + . .      Faith    .    (shield unavailable)
rNeg    . . .      Spirit   .    (body armour unavailable)
rPois   .          Reflect  .    (helmet unavailable)
rElec   .          Harm     .    (cloak unavailable)
rCorr   .          Rampage  .    (gloves unavailable)
Will    ++...                    (boots unavailable)
Stlth   ++                       u - amulet of magic regeneration
HPRegen 0.29/turn                E - ring of willpower
MPRegen 0.61/turn                A - +5 ring of evasion

@: lethally poisoned (-1 -> -11), studying Unarmed Combat, quick
A: very small, claws 1, fangs 3, see invisible, speed 1, shaggy fur 3, stealthy
paws, no weapons or thrown items, no armour, multi-lived, deterioration 2, high
MP 1, inability to drink after injury 1
a: Renounce Religion, Potion Petition, Call Merchant, Bribe Branch


You were on level 1 of the Snake Pit.
You worshipped Gozag.
Gozag was most pleased with you.
You visited 5 branches of the dungeon, and saw 23 of its levels.

You collected 7144 gold pieces.
You spent 1976 gold pieces at shops.
You paid 3551 gold pieces to Gozag.

Inventory:

Jewellery
 b - a ring of ice
 m - a ring of protection from fire
 t - a +4 ring of slaying
 u - an amulet of magic regeneration (around neck)
 z - a ring of flight
 A - a +5 ring of evasion (right paw)
 D - an amulet of regeneration
 E - a ring of willpower (left paw)
Wands
 c - a wand of iceblast (13)
 k - a wand of mindburst (14) (quivered)
 q - a wand of polymorph (5)
 r - a wand of acid (19)
 w - a wand of charming (11)
 C - a wand of flame (8)
Scrolls
 e - 9 scrolls of teleportation
 j - a scroll of silence
 l - 3 scrolls of poison
 n - 5 scrolls of fog
 p - a scroll of blinking
 v - 15 scrolls of identify
 y - 5 scrolls of amnesia
Potions
 a - 5 potions of magic
 d - 2 potions of attraction
 f - 10 potions of curing
 g - 3 potions of haste
 h - a potion of degeneration
 i - 3 potions of flight
 o - 3 potions of brilliance
 s - a potion of might
 x - 3 potions of berserk rage
 B - 3 potions of lignification


   Skills:
 - Level 9.2 Fighting
 - Level 12.5 Dodging
 - Level 2.6 Stealth
 - Level 10.0 Spellcasting
 - Level 5.0 Hexes
 - Level 14.0 Summonings
 + Level 11.5 Transmutations
 + Level 12.0 Air Magic


You had 3 spell levels left.
You knew the following spells:

 Your Spells              Type           Power      Damage    Failure   Level
a - Storm Form            Tmut/Air       28%        N/A       41%         7
b - Vhi's Electric Charg  Tloc/Air       70%        N/A       1%          3
c - Summon Lightning Spi  Summ/Air       60%        N/A       1%          4
d - Summon Cactus Giant   Summ           31%        N/A       3%          6
k - Blink                 Tloc           20%        N/A       10%         2
s - Call Canine Familiar  Summ           62%        N/A       1%          3
z - Summon Guardian Gole  Hex/Summ       50%        N/A       1%          3

Your spell library contained the following spells:

 Spells                   Type           Power      Damage    Failure   Level
 Summon Small Mammal      Summ           100%       N/A       1%          1
 Call Imp                 Summ           62%        N/A       1%          2
 Passwall                 Tmut/Erth      28%        N/A       1%          2
 Poisonous Vapours        Pois/Air       70%        N/A       1%          2
 Static Discharge         Conj/Air       70%        2-5/arc   1%          2
 Tukima's Dance           Hex            31%        N/A       2%          3
 Mephitic Cloud           Conj/Pois/Air  27%        N/A       3%          3
 Foxfire                  Conj/Fire      40%        2x1d6     6%          1
 Necrotise                Necr           40%        1d6       6%          1
 Sandblast                Erth           20%        2d7       6%          1
 Gell's Gravitas          Tloc           10%        N/A       19%         3
 Stone Arrow              Conj/Erth      20%        3d8       19%         3
 Teleport Other           Tloc           10%        N/A       19%         3
 Vampiric Draining        Necr           10%        2d6       19%         3
 Summon Ice Beast         Ice/Summ       39%        N/A       3%          4
 Yara's Violent Unravell  Hex/Tmut       22%        3d10      6%          5
 Alistair's Intoxication  Tmut/Pois      22%        N/A       17%         5
 Manifold Assault         Tloc           10%        N/A       54%         4
 Passage of Golubria      Tloc           10%        N/A       54%         4
 Eringya's Noxious Bog    Tmut/Pois      17%        N/A       67%         6
 Agony                    Necr           10%        N/A       87%         5
 Borgnjor's Vile Clutch   Necr/Erth      5%         N/A       87%         5
 Fireball                 Conj/Fire      5%         3d5       87%         5
 Spellforged Servitor     Conj/Summ      19%        N/A       97%         7
 Dispersal                Tloc           5%         N/A       100%        6
 Starburst                Conj/Fire      5%         6d4       100%        6
 Ozocubu's Refrigeration  Ice            5%         4d8       100%        7
 Borgnjor's Revivificati  Necr           5%         N/A       100%        8
 Necromutation            Tmut/Necr      17%        N/A       100%        8
 Chain Lightning          Conj/Air       17%        3d23      100%        9
 Death's Door             Necr           5%         N/A       100%        9
 Simulacrum               Ice/Necr       Unusable   N/A       N/A         6

Dungeon Overview and Level Annotations

Branches:
Dungeon (14/15)            Temple (1/1) D:7            Lair (5/5) D:9
  Swamp (0/4) Lair:2        Snake (1/4) Lair:3        Slime (0/5) Lair:5
    Orc (2/2) D:12            Elf (0/3) Orc:2        Vaults (0/5) D:13

Altars:
Ashenzari
Cheibriados
Dithmenos
Elyvilon
Fedhas
Gozag
Hepliaklqana
Kikubaaqudgha
Makhleb
Nemelex Xobeh
Okawaru
Qazlal
Ru
Sif Muna
Trog
Uskayaw
Vehumet
Wu Jian
Xom
Yredelemnul
Zin
The Shining One

Shops:
D:10 =?   D:13 :   Orc:2 [?==   Lair:1 :

Annotations:
D:6 3 runed translucent doors, acebull12's ghost, novice MeRe
D:7 1 runed translucent door
D:14 Jorgrun
Lair:1 1 runed translucent door, olddryhag's ghost, journeyman DsGl
Lair:4 Nessos


Innate Abilities, Weirdness & Mutations

You have sharp claws.
You have razor-sharp teeth.
You have supernaturally acute eyesight. (SInv)
You cover ground quickly. (Speed+)
Your thick and shaggy fur keeps you warm. (AC +3, rC+)
Your paws help you pounce on unaware monsters.
You are incapable of wielding weapons or throwing items.
You cannot wear armour.
You gain extra lives every three experience levels.
Your body often deteriorates upon taking damage.
You have an increased reservoir of magic. (+10% MP)
You occasionally lose the ability to drink potions when taking damage.


Message History

The black mamba bites you.
Casting: Summon Lightning Spire (safe; 1% risk of failure)
Confirm with . or Enter, or press ? or * to list all spells.
An electric hum fills the air.
You feel sick.
* * * LOW HITPOINT WARNING * * *
You are more poisoned.
Your lightning spire disappears in a puff of smoke!
The black mamba misses you. The black mamba closely misses you.
Casting: Summon Lightning Spire (safe; 1% risk of failure)
Confirm with . or Enter, or press ? or * to list all spells.
An electric hum fills the air.
You feel sick.
* * * LOW HITPOINT WARNING * * *
You are more poisoned.
Your lightning spire disappears in a puff of smoke!
The black mamba misses you.
Casting: Summon Lightning Spire (safe; 1% risk of failure)
Confirm with . or Enter, or press ? or * to list all spells.
Charge where?
Press: ? - help, Dir - move target, f - naga ritualist, p - salamander
Aim: a naga ritualist, wielding a +1 vampiric war axe, wearing a +0 robe and carrying a wand of digging (1) (heavily wounded, radiating toxic energy, ally target, 82% to hit)
You charge forward with an electric crackle!
You scratch the naga ritualist and electrocute it.
The naga ritualist is heavily wounded.
You feel sick.
* * * LOW HITPOINT WARNING * * *
You are lethally poisoned!
The black mamba closely misses you. The black mamba completely misses you.
The salamander wields a +1 shortbow of flaming.
It bursts into flame!
The salamander shoots an arrow.
The arrow hits your cactus giant. The arrow burns your cactus giant.
Casting: Vhi's Electric Charge (safe; 1% risk of failure)
Confirm with . or Enter, or press ? or * to list all spells.
* * * LOW HITPOINT WARNING * * *
You feel very sick.
* * * LOW HITPOINT WARNING * * *
You are more poisoned.
Your cactus giant disappears in a puff of smoke!
The black mamba bites you.
You die...
Your body crumbles into a pile of gold.

....#.###
#...... .#.
#.....##.#.
#.....#..N
###..#..# #
#.#.##..#
.#..##.$..#..#
..!N...$..##8§##
.......§N@S○§.§#
.#..#.C..#...§#
## #######§..#
§### ## ### $
#.# # #.## ####
#####.S#
#..####..###
#!SNN..#


You could see a salamander, a naga ritualist (toxic aura, ally target), a black
mamba (ally target), a friendly cactus giant (summoned) and a friendly lightning
spire (summoned).

Vanquished Creatures
  A centaur warrior (D:13)
  An ogre mage (Orc:2)
  An orc high priest (Orc:1)
  An orc knight (Orc:1)
  3 orc sorcerers (Orc:2)
  A black mamba (Lair:4)
  A naga mage (Snake:1)
  3 trolls
  A warg (D:9)
  2 nagas (Snake:1)
  10 orc warriors
  3 ogres (Orc:2)
  8 orc priests
  An iguana (D:4)
  10 orc wizards
  33 orcs
  A kobold (D:4)
  A ball python (D:1)
  2 bats (D:1)
  2 frilled lizards
86 creatures vanquished.

Vanquished Creatures (collateral kills)
  2 hydras
  A death knight (D:13)
  An anaconda (Snake:1)
  A catoblepas (Lair:5)
  2 boulder beetles (D:12)
  Erica (D:9)
  A deep troll shaman (Lair:5)
  2 two-headed ogres (D:9)
  12 death yaks
  6 lindwurms
  A phantasmal warrior (D:13)
  A necromancer (D:13)
  A shining eye (shapeshifter) (D:13)
  2 ugly things
  A cyclops (D:13)
  6 orc sorcerers (Orc:2)
  11 elephants
  A manticore (D:13)
  5 black mambas
  An unseen horror (D:12)
  14 cane toads
  2 gargoyles
  2 rime drakes
  3 kobold demonologists (D:12)
  7 komodo dragons
  2 freezing wraiths (D:13)
  3 trolls
  2 polar bears
  19 blink frogs
  6 dream sheep (Lair:5)
  3 slime creatures (D:12)
  3 wraiths
  A wyvern (Lair:5)
  29 yaks
  A basilisk (Lair:1)
  8 vampire mosquitoes
  A steam dragon (D:7)
  4 wargs
  14 water moccasins
  7 orc warriors
  2 ice beasts (D:6)
  2 ogres
  25 wolves
  2 centaurs
  4 kobold brigands
  6 nameless horrors
  8 bullfrogs
  4 scorpions
  A necrophage (D:7)
  3 wights
  5 killer bees (D:9)
  5 howler monkeys
  9 jellies
  3 hounds
  13 orc priests
  A human skeleton (D:7)
  Jessica (D:3)
  2 gnoll boudas
  Ijyb (D:4)
  2 iguanas
  27 orc wizards
  3 hell rats (Lair:1)
  Robin (D:3)
  13 gnolls
  4 adders
  A shadow imp (D:4)
  2 worms (D:3)
  6 dart slugs
  52 orcs
  7 bats
  7 endoplasms
  4 giant cockroaches
  25 goblins
  8 hobgoblins
  30 kobolds
  4 quokkas
  7 ball pythons
  4 frilled lizards
  A goblin zombie (D:7)
  A kobold skeleton (D:7)
  4 rats
500 creatures vanquished.

Vanquished Creatures (others)
  4 two-headed ogres
  3 death yaks (Lair:2)
  2 cane toads (Lair:1)
  A kobold demonologist (D:11)
  A komodo dragon (Lair:1)
  A hornet (D:10)
  2 wyverns
  A basilisk (Lair:1)
  22 yaks
  2 black bears
  2 ice beasts
  An orc warrior (D:11)
  A sky beast (D:8)
  11 wolves (Lair:1)
  2 ogres
  A nameless horror (Lair:4)
  A bullfrog (D:6)
  2 scorpions
  9 wights
  A howler monkey (D:8)
  A hound (D:5)
  An orc priest (D:11)
  Crazy Yiuf (D:3)
  2 iguanas (D:5)
  4 hell rats (Lair:1)
  2 orcs
  An endoplasm (D:4)
  2 kobolds (D:11)
  31 fungi
  48 plants
163 creatures vanquished.

Grand Total: 749 creatures vanquished

Notes
Turn   | Place    | Note
-------+----------+-------------------------------------------
     0 | D:1      | wormed the Felid Summoner began the quest for the Orb.
     0 | D:1      | Reached XP level 1. HP: 7/7 MP: 4/4
   294 | D:1      | Reached XP level 2. HP: 11/11 MP: 3/6
  1457 | D:1      | Reached XP level 3. HP: 14/14 MP: 3/7
  1461 | D:1      | Learned a level 3 spell: Call Canine Familiar
  1465 | D:1      | Learned a level 3 spell: Summon Guardian Golem
  2258 | D:2      | Reached skill level 1 in Hexes
  3083 | D:2      | Reached XP level 4. HP: 18/18 MP: 2/9
  3503 | D:3      | Noticed Jessica
  3512 | D:3      | Killed Jessica
  3850 | D:3      | Reached skill level 1 in Fighting
  3913 | D:3      | Reached XP level 5. HP: 22/22 MP: 7/10
  4087 | D:3      | Found a runed translucent door.
  4088 | D:3      | Noticed Crazy Yiuf
  4190 | D:3      | Noticed Robin
  4332 | D:3      | Killed Robin
  5027 | D:3      | Killed Crazy Yiuf
  5112 | D:3      | Learned a level 4 spell: Summon Lightning Spire
  5305 | D:4      | Gained mutation: You are covered in thick fur. (AC +2)
                  | [Felid growth]
  5305 | D:4      | Reached XP level 6. HP: 26/26 MP: 8/11
  5524 | D:4      | Noticed Ijyb
  5714 | D:4      | Reached skill level 5 in Summonings
  5714 | D:4      | Reached skill level 1 in Air Magic
  5919 | D:4      | Reached skill level 5 in Hexes
  5919 | D:4      | Reached XP level 7. HP: 30/30 MP: 8/13
  6319 | D:4      | Killed Ijyb
  6470 | D:4      | Reached skill level 5 in Dodging
  6621 | D:4      | Found an ornate altar of the Wu Jian Council.
  6832 | D:5      | Entered Level 5 of the Dungeon
  6903 | D:5      | Got Mocwaisk's Volume of Algid Lightning
  7333 | D:5      | Noticed a nameless horror
  7534 | D:5      | Killed a nameless horror
  7705 | D:5      | Reached XP level 8. HP: 28/34 MP: 1/15
  8741 | D:6      | Got Sif Muna's Grimoire of Fog
  8899 | D:6      | Reached skill level 6 in Summonings
  9183 | D:6      | Noticed acebull12's ghost (novice MeRe)
  9192 | D:6      | Found a runed translucent gate.
  9192 | D:6      | Found a runed translucent gate.
  9263 | D:6      | Found a runed translucent gate.
  9288 | D:6      | Reached skill level 5 in Air Magic
  9292 | D:6      | Reached XP level 9. HP: 21/39 MP: 0/17
  9984 | D:7      | Noticed a two-headed ogre
  9991 | D:7      | Killed a two-headed ogre
  9992 | D:7      | Reached skill level 5 in Spellcasting
 10184 | D:7      | Found a runed translucent door.
 10185 | D:7      | Found a basalt altar of Yredelemnul.
 10420 | D:7      | Found a hide-covered altar of Uskayaw.
 10487 | D:7      | Reached skill level 5 in Fighting
 10601 | D:7      | Reached skill level 7 in Summonings
 10774 | D:7      | Found a bloodstained altar of Trog.
 11273 | D:7      | Found a staircase to the Ecumenical Temple.
 11402 | Temple   | Entered the Ecumenical Temple
 11418 | Temple   | Became a worshipper of Gozag Ym Sagoz the Greedy
 12141 | D:8      | Reached XP level 10. HP: 44/44 MP: 8/19
 12472 | D:8      | Found a radiant altar of Vehumet.
 12499 | D:8      | Found a hazy altar of Hepliaklqana.
 12499 | D:8      | Found a shimmering altar of Xom.
 12503 | D:8      | Found a sparkling altar of Nemelex Xobeh.
 12504 | D:8      | Found a broken altar of Ashenzari.
 12506 | D:8      | Found a shimmering blue altar of Sif Muna.
 12506 | D:8      | Found a burning altar of Makhleb.
 12507 | D:8      | Found a shadowy altar of Dithmenos.
 12512 | D:8      | Found an iron altar of Okawaru.
 12948 | D:9      | Noticed a two-headed ogre
 13598 | D:9      | Reached skill level 8 in Summonings
 13737 | D:9      | Found a staircase to the Lair.
 13822 | D:9      | Noticed Erica
 13830 | D:9      | Killed Erica
 14074 | D:9      | Killed a two-headed ogre
 14075 | D:9      | Reached skill level 10 in Dodging
 14075 | D:9      | Reached XP level 11. HP: 50/50 MP: 2/22
 14395 | D:9      | Identified the +9 chain mail of the Tomato {rElec rF+ Int+2
                  | Dex+2}
 14408 | D:9      | Noticed a two-headed ogre
 14418 | D:9      | Killed a two-headed ogre
 14698 | D:9      | Found a glowing golden altar of the Shining One.
 14698 | D:9      | Found a white marble altar of Elyvilon.
 14698 | D:9      | Found a glowing silver altar of Zin.
 15080 | D:9      | Identified the +5 hand axe "Vapes" {freeze, rN+}
 15085 | D:10     | Entered Level 10 of the Dungeon
 15114 | D:10     | Noticed a two-headed ogre
 15154 | D:10     | Killed a two-headed ogre
 15257 | D:10     | Reached skill level 9 in Summonings
 15686 | D:10     | Identified the +3 dagger of Qemijaud {flame, *Rage Str+2
                  | Dex+7}
 15708 | D:10     | Noticed a two-headed ogre
 15736 | D:10     | Killed a two-headed ogre
 16145 | D:10     | Identified a scroll of acquirement
 16145 | D:10     | Acquired 849 gold pieces
 16235 | D:11     | Noticed a red ugly thing
 16252 | D:11     | Noticed a lindwurm
 16353 | D:11     | Noticed a two-headed ogre
 16365 | D:11     | Killed a two-headed ogre
 16473 | D:11     | Killed a red ugly thing
 16662 | D:11     | Noticed a lindwurm
 16665 | D:11     | Noticed a lindwurm
 16880 | D:11     | Noticed a lindwurm
 16886 | D:11     | Killed a lindwurm
 16929 | D:11     | Killed a lindwurm
 16980 | D:11     | Killed a lindwurm
 17564 | D:11     | Killed a lindwurm
 17667 | D:11     | Learned a level 7 spell: Storm Form
 17673 | D:11     | Learned a level 2 spell: Blink
 17735 | Lair:1   | Entered Level 1 of the Lair of Beasts
 17765 | Lair:1   | Reached skill level 10 in Summonings
 17866 | Lair:1   | Gained mutation: Your thick and shaggy fur keeps you warm.
                  | (AC +3, rC+) [Felid growth]
 17866 | Lair:1   | Reached XP level 12. HP: 56/56 MP: 18/25
 17884 | Lair:1   | Reached skill level 1 in Transmutations
 19955 | Lair:1   | Found a runed translucent door.
 19965 | Lair:1   | Noticed olddryhag's ghost (journeyman DsGl)
 19968 | Lair:1   | Identified the +6 spear of Soxkil {heavy, Will+}
 20131 | Lair:1   | Bought the Codex of the Retinue for 816 gold pieces
 20174 | Lair:1   | Learned a level 6 spell: Summon Cactus Giant
 20259 | Lair:2   | Noticed a death yak
 20263 | Lair:2   | Noticed a death yak
 20264 | Lair:2   | Noticed a death yak
 20265 | Lair:2   | Noticed a death yak
 20271 | Lair:2   | Noticed a death yak
 20274 | Lair:2   | Killed a death yak
 20283 | Lair:2   | Killed a death yak
 20286 | Lair:2   | Killed a death yak
 20319 | Lair:1   | Killed a death yak
 20462 | Lair:2   | You fall into a shaft and drop 1 floor!
 20618 | Lair:2   | Killed a death yak
 20647 | Lair:2   | Reached skill level 11 in Summonings
 21052 | Lair:2   | Reached XP level 13. HP: 60/60 MP: 22/27
 21677 | Lair:2   | Found a staircase to the Swamp.
 22035 | Lair:3   | Found a staircase to the Snake Pit.
 22201 | Lair:3   | Reached skill level 10 in Spellcasting
 22267 | Lair:3   | Reached skill level 12 in Summonings
 23358 | Lair:4   | Noticed Nessos
 23360 | Lair:4   | Reached skill level 13 in Summonings
 23383 | Lair:4   | Shot with an arrow by Nessos
 23384 | Lair:4   | Reached XP level 12. HP: -6/57 MP: 27/27
 23387 | Lair:4   | Noticed a five-headed hydra
 23389 | Lair:5   | Entered Level 5 of the Lair of Beasts
 23422 | Lair:5   | Noticed a death yak
 23422 | Lair:5   | Noticed a death yak
 23423 | Lair:5   | Noticed a death yak
 23426 | Lair:5   | Noticed a death yak
 23431 | Lair:5   | Killed a death yak
 23438 | Lair:5   | Noticed a death yak
 23448 | Lair:5   | Found a staircase to the Slime Pits.
 24146 | Lair:5   | Reached skill level 14 in Summonings
 24211 | Lair:5   | Reached skill level 5 in Transmutations
 24473 | Lair:5   | Killed a death yak
 24478 | Lair:5   | Reached XP level 13. HP: 60/60 MP: 5/28
 26436 | Lair:4   | Reached skill level 10 in Air Magic
 27930 | D:12     | Found a staircase to the Orcish Mines.
 29130 | D:13     | Reached XP level 14. HP: 64/64 MP: 18/29
 29449 | D:13     | Reached skill level 10 in Transmutations
 29544 | D:13     | Found a gate to the Vaults.
 30028 | D:13     | Learned a level 3 spell: Vhi's Electric Charge
 30033 | D:13     | Bought a manual of Unarmed Combat for 800 gold pieces
 30049 | D:14     | Noticed Jorgrun
 30171 | D:14     | Killed from afar by Jorgrun
 30172 | D:14     | Reached XP level 13. HP: -18/60 MP: 18/28
 30300 | Orc:1    | Entered Level 1 of the Orcish Mines
 30945 | Orc:2    | Entered Level 2 of the Orcish Mines
 31280 | Orc:2    | Found a staircase to the Elven Halls.
 31707 | Orc:2    | Gained mutation: Your magical capacity is low. (-10% MP)
                  | [mutagenic glow]
 31723 | Orc:2    | Gained mutation: You are vulnerable to cold. (rC-)
                  | [mutagenic glow]
 31935 | Orc:2    | Gained mutation: You sometimes lose your temper in combat.
                  | [mutagenic glow]
 31945 | Orc:2    | Gained mutation: You occasionally lose the ability to drink
                  | potions when taking damage. [mutagenic glow]
 31964 | Orc:2    | Gained mutation: Your body sometimes deteriorates upon
                  | taking damage. [mutagenic glow]
 31992 | Orc:1    | Gained mutation: Your body often deteriorates upon taking
                  | damage. [mutagenic glow]
 32072 | Orc:1    | Lost mutation: Your magical capacity is low. (-10% MP)
                  | [potion of mutation]
 32072 | Orc:1    | Lost mutation: You are vulnerable to cold. (rC-) [potion of
                  | mutation]
 32072 | Orc:1    | Lost mutation: You sometimes lose your temper in combat.
                  | [potion of mutation]
 32072 | Orc:1    | Gained mutation: You have an increased reservoir of magic.
                  | (+10% MP) [potion of mutation]
 32291 | Orc:2    | Found Kicsaupn's Antique Armour Emporium.
 32311 | Orc:2    | Found an ancient bone altar of Kikubaaqudgha.
 32721 | Orc:2    | Found Wippivu's Jewellery Shoppe.
 32785 | Orc:2    | Found Wacvaapn's Magic Scroll Shoppe.
 32866 | Orc:2    | Found Boti's Jewellery Emporium.
 32890 | Orc:2    | Bought an amulet of magic regeneration for 360 gold pieces
 32940 | Orc:2    | Found a radiant altar of Vehumet.
 33435 | Snake:1  | Entered Level 1 of the Snake Pit
 34001 | Snake:1  | HP: 3/60 [salamander/+4 trident (10)]
 34001 | Snake:1  | Mangled by a salamander
 34002 | Snake:1  | Reached XP level 12. HP: -10/57 MP: 26/29
 34003 | Snake:1  | Noticed an anaconda
 34010 | Snake:1  | Killed an anaconda
 34028 | Snake:1  | Noticed a naga warrior
 34033 | Snake:1  | HP: 1/57 [naga ritualist/Olgreb's Toxic Radiance (4)]
 34033 | Snake:1  | Slain by a black mamba

Illustrated notes

Levels and vault maps discovered:
D:1:      spicycebolla_green_bress_n_ham_2, layout_basic
D:2:      layout_basic
D:3:      minmay_bubble_buster, layout_basic, serial_rivers,
          chequers_serial_rivers_micro_a, chequers_serial_rivers_micro_b,
          chequers_serial_rivers_micro_c, chequers_serial_rivers_room_b,
          chequers_serial_rivers_micro_d, chequers_serial_rivers_small_3,
          uniq_crazy_yiuf_cottage, uniq_robin, uniq_jessica
D:4:      minmay_skewed_foursquare, layout_rooms,
          mainiacjoe_overflow_surrounded_room, uniq_ijyb
D:5:      layout_basic
D:6:      layout_basic, gammafunk_ghost_split
D:7:      layout_loops_corners, dk_yredelemnul_ordeal,
          minmay_temple_entry_fiery, minmay_misc_feat_pillars,
          hangedman_feature_mirror
D:8:      hellmonk_destroyed_diamonds, layout_basic,
          nicolae_overflow_hallway_of_the_gods, amethyst_killhole
D:9:      layout_layer_cave, good_gods_mini_temple, erik_lair_orcish_takeover,
          minmay_misc_feat_hallway, uniq_erica
D:10:     layout_roguey, dreamdust_wishing_well, billiards_dpeg
D:11:     layout_roguey, minmay_lindwurm_lava
D:12:     layout_roguey, minmay_orc_entry_temple_small
D:13:     layout_long_grid, david_vaults_4
D:14:     nicolae_BIG_FREAKIN_CUBE, layout_rooms, minmay_misc_feat_tiny,
          uniq_jorgrun
Temple:   hellmonk_temple_two_chambers
Lair:1:   layout_roguey, ebering_ghost_funeral_grove,
          grunt_forest_large_clearings, serial_bayou_shore_b
Lair:2:   layout_big_grid, swamp_mist_pool, minivault_26, minivault_19,
          grunt_megastairs_1
Lair:3:   layout_chaotic_city, dummy_snake_entry, ldierk_geyser
Lair:4:   layout_gridlike, grunt_megastairs_4, uniq_nessos
Lair:5:   grunt_lair_end_beastmaster, layout_cave_pods,
          nicolae_slime_entry_field_trip
Snake:1:  layout_honeycomb, serial_shops, nicolae_shop_window_shopping,
          nicolae_snake_salamander_fort
Orc:1:    layout_diamond_mine, bh_open_orc_temple
Orc:2:    kennysheep_orc_mage_school, layout_diamond_mine, nicolae_orc_rich_vein

Skill      XL: |  1  2  3  4  5  6  7  8  9 10 11 12 13 14 |
---------------+-------------------------------------------+-----
Dodging        | 3 4 5 6 8 10 11 12 | 12.5
Hexes          | 1 2 4 5 |  5.0
Fighting       | 1 2 3 4 5 7 8 9 |  9.2
Spellcasting   | 3 4 5 7 8 9 10 | 10.0
Summonings     | 5 6 7 8 10 14 13 | 14.0
Air Magic      | 1 3 5 6 7 12 10 11 | 12.0
Transmutations | 5 11 10 | 11.5
Stealth        | |  2.6

Action                   |  1- 3 |  4- 6 |  7- 9 | 10-12 | 13-15 || total
-------------------------+-------+-------+-------+-------+-------++-------
Melee: Unarmed           |    12 |     2 |    26 |    18 |   179 ||   237
       Bite              |       |     1 |     4 |     5 |     6 ||    16
 Cast: Summon Small Mamm |    64 |    21 |       |       |       ||    85
       Call Canine Famil |    17 |    36 |    63 |    76 |    26 ||   218
       Summon Guardian G |       |    15 |    53 |   106 |     4 ||   178
       Summon Lightning  |       |       |    14 |    89 |    63 ||   166
       Summon Cactus Gia |       |       |       |    19 |   104 ||   123
       Vhi's Electric Ch |       |       |       |     2 |       ||     2
       Storm Form        |       |       |       |       |    13 ||    13
Invok: Call Merchant     |       |       |       |     3 |     1 ||     4
       Potion Petition   |       |       |       |       |     1 ||     1
 Abil: End Transformatio |       |       |       |       |     1 ||     1
       Blinkbolt         |       |       |       |       |     1 ||     1
Evoke: Wand              |       |       |     3 |     4 |     1 ||     8
  Use: Scroll            |       |    13 |     7 |    10 |     7 ||    37
       Potion            |       |       |       |     2 |     8 ||    10
 Stab: Distracted        |     1 |       |     1 |       |     2 ||     4
Armor: Skin              |     2 |     1 |     2 |       |    19 ||    24
Dodge: Dodged            |    32 |    19 |    65 |   164 |   423 ||   703

Table legend: (Time is in decaauts)
 A = Elapsed time spent in this place.
 B = Non-inter-level travel time spent in this place.
 C = Inter-level travel time spent in this place.
 D = Time resting spent in this place.
 E = Time spent auto-exploring this place.
 F = Levels seen in this place.
 G = Mean time per level.
                   A        B        C        D        E       F      G
               +--------+--------+--------+--------+--------+-----+--------+
         Total |  30767 |  29590 |   1177 |    995 |  21693 |  23 | 1337.7 |
       Dungeon |  18818 |  18078 |    740 |    539 |  13364 |  14 | 1344.1 |
        Temple |     18 |     14 |      4 |      0 |      6 |   1 |   18.0 |
          Lair |   9109 |   8837 |    272 |    456 |   6399 |   5 | 1821.8 |
     Snake Pit |    128 |    128 |      0 |      0 |     51 |   1 |  128.0 |
  Orcish Mines |   2691 |   2532 |    159 |      0 |   1872 |   2 | 1345.5 |
               +--------+--------+--------+--------+--------+-----+--------+

Top non-repeatable levels by time:
  Lair:5: 2613 daAuts
  Lair:1: 2470 daAuts
   Orc:2: 1926 daAuts
     D:7: 1796 daAuts
     D:9: 1789 daAuts
     D:3: 1661 daAuts
     D:4: 1607 daAuts
     D:2: 1565 daAuts
  Lair:2: 1535 daAuts
  Lair:3: 1486 daAuts
     D:1: 1462 daAuts
    D:12: 1446 daAuts
     D:5: 1377 daAuts
    D:11: 1328 daAuts
    D:13: 1319 daAuts
